 Dungeon Crawl Stone Soup version 0.28-a0-1038-g9c4cb8273d (webtiles) character file.

Game seed: 5044707019968324862

98 ytrimaz the Insei (level 4, 0/29 HPs)
             Began as an Octopode Transmuter on Dec 8, 2021.
             Killed from afar by Ijyb (3 damage)
             ... with a puff of flame
             ... on level 3 of the Dungeon.
             The game lasted 00:01:42 (3234 turns).

ytrimaz the Insei (Octopode Transmuter)             Turns: 3234, Time: 00:01:43

Health: 0/29       AC:  1    Str:  9    XL:     4   Next: 71%
Magic:  7/7        EV: 13    Int: 17    God:
Gold:   103        SH:  0    Dex: 12    Spells: 4/8 levels left

rFire   . . .      SeeInvis .     - Unarmed
rCold   . . .      Faith    .   (no shield)
rNeg    . . .      Spirit   .   g - +0 hat {Stlth+}
rPois   +          Reflect  .   (no amulet)
rElec   .          Harm     .   d - ring of poison resistance
rCorr   .          Rampage  .   (no ring)
Will    .....                   (no ring)
Stlth   +++.......              (no ring)
HPRegen 0.09/turn               (no ring)
MPRegen 0.10/turn               (no ring)
                                (no ring)
                                (no ring)

@: no status effects
A: almost no armour, amphibious, 8 rings, camouflage 1, gelatinous body 1,
(nimble swimmer 1), tentacles
a: no special abilities


You were on level 3 of the Dungeon.
You visited 1 branch of the dungeon, and saw 3 of its levels.

You collected 103 gold pieces.

Inventory:

Armour
 g - a +0 hat of stealth (worn)
Jewellery
 d - a ring of poison resistance (left tentacle)
 i - a +6 ring of dexterity
Scrolls
 e - 2 scrolls of fear
 f - a scroll of silence
 j - a scroll of fog
 k - a scroll of enchant armour
 l - a scroll of identify
Potions
 a - a potion of flight {unknown}
 b - a potion of cancellation {unknown}
 c - a potion of magic {unknown}
 h - 2 potions of resistance {unknown}


   Skills:
 * Level 2.0 Fighting
 - Level 2.0 Dodging
 + Level 4.2 Unarmed Combat
 * Level 2.5 Spellcasting
 * Level 2.5 Transmutations


You had 4 spell levels left.
You knew the following spells:

 Your Spells              Type           Power      Damage    Failure   Level
a - Beastly Appendage     Tmut           20%        N/A       6%          1
b - Spider Form           Tmut/Pois      6%         N/A       32%         3

Your spell library contained the following spells:

 Spells                   Type           Power      Damage    Failure   Level
 Wereblood                Tmut           10%        N/A       10%         2
 Ice Form                 Ice/Tmut       6%         N/A       73%         4


Dungeon Overview and Level Annotations

Branches:
Dungeon (3/15)

Altars:

Annotations:
D:3 Ijyb


Innate Abilities, Weirdness & Mutations

You cannot wear most types of armour.
You are amphibious.
You can wear up to eight rings at the same time.
Your skin changes colour to match your surroundings (Stealth+).
Your rubbery body absorbs attacks. (AC +1, EV +1)
((You are camouflaged near water. (Stealth+)))
You have tentacles for arms and can constrict up to eight enemies at once.


Message History

No target in view!
Ijyb the Twisted Goblin comes into view.
She is wielding a +0 club and carrying a wand of flame (9).
Ijyb is nearby!
Ijyb is nearby!
Ijyb is nearby!
The helpless Ijyb fails to defend herself.
You tentacle-slap Ijyb but do no damage.
Your grab misses Ijyb. Your squeeze misses Ijyb. You barely miss Ijyb.
Your grab misses Ijyb. You squeeze Ijyb, but do no damage.
Ijyb hits you with a +0 club!
You tentacle-slap Ijyb but do no damage.
Your grab misses Ijyb. Your squeeze misses Ijyb. Ijyb misses you.
You tentacle-slap Ijyb but do no damage.
You grab Ijyb. You constrict Ijyb, but do no damage.
Ijyb zaps a wand.
The puff of flame misses you.
You tentacle-slap Ijyb. You squeeze Ijyb!
Ijyb is heavily wounded.
You constrict Ijyb.
Ijyb zaps a wand.
The puff of flame hits you!
You are too injured to fight recklessly!
You are too injured to fight recklessly!
You are too injured to fight recklessly!
You are too injured to fight recklessly!
You are too injured to fight recklessly!
You are too injured to fight recklessly!
You are too injured to fight recklessly!
You are too injured to fight recklessly!
You are too injured to fight recklessly!
You are too injured to fight recklessly!
Unknown command.
You tentacle-slap Ijyb but do no damage.
Ijyb is heavily wounded.
You constrict Ijyb, but do no damage.
Ijyb zaps a wand.
The puff of flame hits you!
* * * LOW HITPOINT WARNING * * *
You tentacle-slap Ijyb but do no damage.
Your squeeze misses Ijyb.
Ijyb is heavily wounded.
You constrict Ijyb, but do no damage.
Ijyb zaps a wand.
The puff of flame hits you.
You die...

.........#..#.....#.# ##.# ##
..............###...# #.# #
####.#######.## ##.## #.# #
####.# #.# #.# #.# #
..##.#######.# #.# #.# #
...#.........# #.# #.#
...########### #.# #.# ...# ##
####.# #.# #### ..## #. #g@..#
##.#####... .#########.# #..####
#.......... ..........#...#.
#.........# .#######.#.##
.#.######.##.##.#.. .#######.#.#
#.#...........##...#
.##......#.###.#.######.#########
.##.#.....#...#.# #.#
....#.####.###..# ###.###
................# #.....#


You could see Ijyb.

Vanquished Creatures
  5 adders
  A worm (D:3)
  2 dart slugs
  5 bats
  8 endoplasms
  3 giant cockroaches
  4 hobgoblins
  2 jackals (D:1)
  A quokka (D:3)
  3 ball pythons
  2 frilled lizards
  3 goblins
  2 kobolds
  5 rats
46 creatures vanquished.

Notes
Turn   | Place    | Note
-------+----------+-------------------------------------------
     0 | D:1      | ytrimaz the Octopode Transmuter began the quest for the
                  | Orb.
     0 | D:1      | Reached XP level 1. HP: 13/13 MP: 3/3
    68 | D:1      | Found a faded altar of an unknown god.
   298 | D:1      | Reached XP level 2. HP: 18/18 MP: 5/5
   522 | D:1      | You fall into a shaft and drop 1 floor!
  1529 | D:2      | Reached XP level 3. HP: 20/23 MP: 6/6
  2207 | D:3      | Reached XP level 4. HP: 29/29 MP: 7/7
  2262 | D:3      | Reached skill level 4 in Unarmed Combat
  2926 | D:3      | Learned a level 3 spell: Spider Form
  3225 | D:3      | Noticed Ijyb
  3234 | D:3      | Killed from afar by Ijyb

Illustrated notes

Levels and vault maps discovered:
D:1:      dpeg_arrival_arbitrary_c, layout_basic, shapermc_ecumenical_altar_venn
D:2:      layout_loops_ring
D:3:      layout_loops_ring, uniq_ijyb

Skill      XL: |  1  2  3  4 |
---------------+-------------+-----
Unarmed Combat | 4 |  4.2
Fighting       | 2 |  2.0
Dodging        | |  2.0
Spellcasting   | |  2.5
Transmutations | |  2.5

Action                   |  1- 3 |  4- 6 || total
-------------------------+-------+-------++-------
Melee: Unarmed           |    70 |    48 ||   118
       Constrict         |    19 |     8 ||    27
       Tentacles         |    10 |    11 ||    21
       Punch             |     3 |       ||     3
  Use: Scroll            |     2 |     2 ||     4
 Stab: Sleeping          |     5 |     9 ||    14
Armor: Skin              |     6 |     3 ||     9
Dodge: Dodged            |    34 |    17 ||    51

Table legend: (Time is in decaauts)
 A = Elapsed time spent in this place.
 B = Non-inter-level travel time spent in this place.
 C = Inter-level travel time spent in this place.
 D = Time resting spent in this place.
 E = Time spent auto-exploring this place.
 F = Levels seen in this place.
 G = Mean time per level.
                   A        B        C        D        E       F      G
               +--------+--------+--------+--------+--------+-----+--------+
         Total |   3227 |   3165 |     62 |    223 |   2585 |   3 | 1075.7 |
       Dungeon |   3227 |   3165 |     62 |    223 |   2585 |   3 | 1075.7 |
               +--------+--------+--------+--------+--------+-----+--------+

Top non-repeatable levels by time:
     D:1: 1400 daAuts
     D:3: 1032 daAuts
     D:2: 794 daAuts
